 Dungeon Crawl Stone Soup version 0.25-a0-576-g50b708a4c4 (webtiles) character file.

Game seed: 9685496592648637570, levelgen mode: deterministic

4652 LastManStanding the Eclecticist (level 10, -1/50 HPs)
             Began as a Deep Elf Necromancer on Mar 1, 2020.
             Was a Priest of Kikubaaqudgha.
             Slain by a troll (7 damage)
             ... on level 9 of the Dungeon.
             The game lasted 00:32:30 (12774 turns).

LastManStanding the Eclecticist (DENe)             Turns: 12774, Time: 00:32:30

Health: -1/50      AC:  9    Str:  5      XL:     10   Next: 20%
Magic:  35/49      EV:  9    Int: 24      God:    Kikubaaqudgha [***...]
Gold:   362        SH:  0    Dex:  5 (15) Spells: 23/39 levels left

rFire    . . .     SeeInvis .   i - +2 flail (protect)
rCold    . . .     Gourm    .   (no shield)
rNeg     . . .     Faith    .   F - +2 ring mail of Sunlight {rPois MR++}
rPois    +         Spirit   .   (no helmet)
rElec    .         Reflect  .   (no cloak)
rCorr    .         Harm     .   p - +1 pair of gloves
MR       +++..                  (no boots)
Stlth    +.........             (no amulet)
HPRegen  0.16/turn              j - ring of magical power
MPRegen  0.31/turn              q - ring of magical power

@: no status effects
A: no striking features
a: Receive Corpses, Renounce Religion


You were on level 9 of the Dungeon.
You worshipped Kikubaaqudgha.
Kikubaaqudgha was most pleased with you.
You were not hungry.

You visited 2 branches of the dungeon, and saw 10 of its levels.

You collected 362 gold pieces.

Inventory:

Hand Weapons
 f - a +3 scimitar
 i - a +2 flail of protection (weapon)
 u - a +0 dagger
 y - a +0 dagger of venom
 B - a +0 dagger
 K - a +0 vampiric dagger
Missiles
 g - 46 poisoned darts (quivered)
 s - 6 atropa-tipped darts
Armour
 a - a +0 robe
 p - a +1 pair of gloves (worn)
 F - the +2 ring mail of Sunlight (worn) {rPois MR++}
   (You found it on level 5 of the Dungeon)

   It protects you from poison.
   It affects your resistance to hostile enchantments.
   If you remove this armour, your AC will decrease by 7 (9 -> 2).
Jewellery
 j - a ring of magical power (left hand)
 q - a ring of magical power (right hand)
 A - an uncursed ring of poison resistance
 H - an uncursed ring of resist corrosion
Wands
 b - a wand of random effects (13)
 d - a wand of polymorph (2)
 I - a wand of flame (19)
Scrolls
 c - 5 scrolls of remove curse
 k - 2 scrolls of amnesia
 m - 2 scrolls of magic mapping
 t - 4 scrolls of teleportation
 v - 2 scrolls of enchant armour
 C - a scroll of noise {unknown}
 D - a scroll of vulnerability {unknown}
 E - a scroll of enchant weapon {unknown}
Potions
 e - a potion of curing
 h - 2 potions of brilliance
 l - 3 potions of heal wounds
 n - 3 potions of flight
 r - a potion of stabbing
 w - a potion of magic
 x - a potion of berserk rage
 G - a potion of mutation {unknown}
 J - a potion of degeneration {unknown}
Miscellaneous
 o - a sack of spiders
Comestibles
 z - 18 rations
 L - 8 chunks of flesh


   Skills:
 - Level 2.4 Dodging
 - Level 2.4 Stealth
 * Level 15.2 Spellcasting
 + Level 11.2 Necromancy


You had 23 spell levels left.
You knew the following spells:

 Your Spells              Type           Power        Failure   Level  Hunger
a - Pain                  Necr           ####         1%          1    None
b - Agony                 Necr           ######..     4%          5    ##.....
c - Vampiric Draining     Necr           ######....   1%          3    None
d - Animate Dead          Necr           N/A          1%          4    None
e - Sublimation of Blood  Necr           ######....   1%          2    None
s - Animate Skeleton      Necr           N/A          1%          1    None

Your spell library contained the following spells:

 Spells                   Type           Power        Failure   Level  Hunger
 Dispel Undead            Necr           ######..     1%          4    None
 Corpse Rot               Necr/Air       N/A          2%          2    None
 Beastly Appendage        Tmut           ###...       16%         1    None
 Sticks to Snakes         Tmut           ###.....     22%         2    None
 Death Channel            Necr           ######....   22%         6    ####...
 Borgnjor's Vile Clutch   Necr/Erth      #####.....   38%         5    ##.....
 Excruciating Wounds      Chrm/Necr      #####.....   38%         5    ##.....
 Spider Form              Tmut/Pois      ###.......   41%         3    None
 Ice Form                 Ice/Tmut       ###.....     83%         4    None
 Simulacrum               Ice/Necr       #####.....   92%         6    ####...
 Blade Hands              Tmut           ###.......   99%         5    ##.....


Dungeon Overview and Level Annotations

Branches:
Dungeon (9/15)             Temple (1/1) D:5
   Lair: D:8-11         Orc: D:9-12

Altars:
Ashenzari
Cheibriados
Dithmenos
Elyvilon
Fedhas
Gozag
Hepliaklqana
Kikubaaqudgha
Makhleb
Nemelex Xobeh
Okawaru
Qazlal
Ru
Sif Muna
Trog
Uskayaw
Vehumet
Wu Jian
Xom
Yredelemnul
Zin
The Shining One

Shops:
D:8 (

Annotations:
D:3 2 transporters, Wiebster667's ghost, amateur DsFi
D:4 Dowan; Duvessa
D:8 exclusion: two-headed ogre, Harold


Message History

Casting: Pain (safe; 1% risk of failure)
Confirm with . or Enter, or press ? or * to list all spells.
Aiming: Vampiric Draining (safe; 1% risk of failure)
Press: ? - help, Shift-Dir - straight line, f - troll
Aim: a troll The troll is moderately wounded.
You feel life coursing into your body. The troll bites you.
The troll claws you but does no damage. The troll claws you!
Casting: Vampiric Draining (safe; 1% risk of failure)
Confirm with . or Enter, or press ? or * to list all spells.
Aiming: Vampiric Draining (safe; 1% risk of failure)
Press: ? - help, Shift-Dir - straight line, f/p - troll
Aim: a troll (moderately wounded)
The troll is heavily wounded.
You feel life coursing into your body. The troll bites you!
The troll claws you!
* * * LOW HITPOINT WARNING * * *
The troll claws you!
You die...
Kikubaaqudgha rasps: "You have failed me!
Welcome... death!"

..# #### .≈≈ ≈ ..##
##<.# .. ≈ ...##
#...# ##.≈ ≈
....##### ##..##
#.. .
####..Z.###...##
#.. . #####...Z...#
#.# ##. ##..###.##
#.####!. # #..#
##.## #####[.....#
#### ###.##
##@#####.....[)...#
...####...#
##T.##...........#
.....ZZ...#
##....T###...#...
..######### #...###
#..####. .## #..##
##.# # .# #...# #.#
.# .....# #.# ..
#...... #.# ..
#>.....


You could see a troll.

Vanquished Creatures
  A spiny frog (D:8)
  A hippogriff (D:8)
  A wyvern (D:8)
  Grum (D:8)
  3 ice beasts
  2 sky beasts
  An orc warrior (D:8)
  A necrophage (D:6)
  2 ogres
  5 wolves
  A centaur (D:6)
  4 bullfrogs
  5 scorpions
  4 killer bees
  A centaur zombie (D:7)
  A centaur skeleton (D:9)
  6 orc wizards
  4 hounds
  An orc priest (D:6)
  A bullfrog skeleton (D:7)
  8 jellies
  Jessica (D:3)
  Natasha (thrice) (D:2)
  An iguana (D:7)
  4 worker ants
  A hound zombie (D:9)
  2 hound skeletons
  A worker ant zombie (D:7)
  6 gnolls
  7 adders
  A shadow imp (D:5)
  A white imp (D:9)
  13 oozes
  An adder zombie (D:6)
  An adder skeleton (D:8)
  3 worms
  6 dart slugs
  5 leopard geckos
  40 orcs
  10 giant cockroaches
  10 goblins
  10 hobgoblins
  9 jackals
  10 kobolds
  2 quokkas
  2 ball pythons
  6 bats
  4 frilled lizards
  6 rats
220 creatures vanquished.

Vanquished Creatures (collateral kills)
  A slime creature (D:6)
  2 hippogriffs
  An ogre (D:8)
  A bullfrog (D:8)
  3 killer bees
  3 wights (D:7)
  A centaur zombie (D:8)
  An orc priest (D:4)
  An orc wizard (D:7)
  A howler monkey zombie (D:8)
  A gnoll (D:5)
  A shadow imp (D:6)
  2 oozes (D:6)
  An adder skeleton (D:7)
  4 orcs
24 creatures vanquished.

Vanquished Creatures (others)
  6 fungi (D:6)
  6 plants (D:3)
12 creatures vanquished.

Grand Total: 256 creatures vanquished

Notes
Turn   | Place    | Note
-------+----------+-------------------------------------------
     0 | D:1      | LastManStanding the Deep Elf Necromancer began the quest
                  | for the Orb.
     0 | D:1      | Reached XP level 1. HP: 10/10 MP: 6/6
     2 | D:1      | Learned a level 1 spell: Animate Skeleton
   334 | D:1      | Reached skill level 5 in Necromancy
   360 | D:1      | Reached XP level 2. HP: 14/15 MP: 5/8
   699 | D:1      | Reached skill level 4 in Spellcasting
  1152 | D:1      | Reached XP level 3. HP: 17/19 MP: 10/10
  1159 | D:1      | Learned a level 3 spell: Vampiric Draining
  1359 | D:2      | Noticed Natasha
  1372 | D:2      | Killed Natasha
  1398 | D:2      | Noticed Natasha
  1403 | D:2      | Killed Natasha
  1403 | D:2      | Reached skill level 5 in Spellcasting
  1403 | D:2      | Reached XP level 4. HP: 19/24 MP: 13/13
  1443 | D:2      | Learned a level 4 spell: Animate Dead
  1464 | D:2      | Noticed Natasha
  1489 | D:2      | Killed Natasha
  2099 | D:2      | Reached skill level 6 in Spellcasting
  2203 | D:2      | Reached XP level 5. HP: 27/28 MP: 15/15
  2738 | D:3      | Found a transporter.
  2760 | D:3      | Identified the cursed +3 spear "Rewkog" {chaos, Stlth+}
  3001 | D:3      | Found a transporter.
  3008 | D:3      | Noticed Wiebster667's ghost (amateur DsFi)
  3064 | D:3      | Noticed Jessica
  3073 | D:3      | Killed Jessica
  3449 | D:4      | Noticed Duvessa
  3449 | D:4      | Noticed Dowan
  3701 | D:4      | Noticed a centaur
  4070 | D:4      | Reached skill level 7 in Spellcasting
  4221 | D:4      | Noticed an ice beast
  4221 | D:4      | a centaur changed into an ice beast
  4241 | D:4      | Killed an ice beast
  4241 | D:4      | Reached XP level 6. HP: 28/32 MP: 15/18
  4249 | D:4      | Learned a level 5 spell: Agony
  4471 | D:4      | Reached skill level 8 in Spellcasting
  4695 | D:5      | Entered Level 5 of the Dungeon
  4813 | D:5      | Reached XP level 7. HP: 24/36 MP: 13/21
  5002 | D:5      | Got an encrusted ring mail
  5013 | D:5      | Identified the +2 ring mail of Sunlight {rPois MR++} (You
                  | found it on level 5 of the Dungeon)
  5083 | D:5      | Reached skill level 9 in Spellcasting
  5527 | D:5      | Found a staircase to the Ecumenical Temple.
  5777 | Temple   | Entered the Ecumenical Temple
  5910 | Temple   | Became a worshipper of Kikubaaqudgha
  6142 | D:6      | Reached skill level 10 in Spellcasting
  6145 | D:6      | Reached XP level 8. HP: 33/41 MP: 23/24
  6190 | D:6      | Found a radiant altar of Vehumet.
  6336 | D:6      | Noticed a slime creature
  6351 | D:6      | HP: 1/41 [slime creature (16)]
  6360 | D:6      | Killed a slime creature
  6387 | D:6      | Reached skill level 11 in Spellcasting
  6509 | D:6      | Reached * piety under Kikubaaqudgha
  6509 | D:6      | Identified Kikubaaqudgha's Almanac of Black Rituals
                  | (Kikubaaqudgha gifted it to you on level 6 of the Dungeon)
  6509 | D:6      | Received a gift from Kikubaaqudgha
  6514 | D:6      | Learned a level 2 spell: Sublimation of Blood
  6987 | D:6      | Found a snail-covered altar of Cheibriados.
  7528 | D:6      | Found a radiant altar of Vehumet.
  7751 | D:6      | Found a snail-covered altar of Cheibriados.
  8133 | D:7      | Reached skill level 12 in Spellcasting
  8445 | D:7      | Noticed a hippogriff
  8476 | D:6      | Killed a hippogriff
  9009 | D:7      | Reached XP level 9. HP: 28/45 MP: 27/27
  9858 | D:7      | Reached skill level 13 in Spellcasting
 10120 | D:8      | Noticed Joseph
 10247 | D:8      | Reached ** piety under Kikubaaqudgha
 10277 | D:8      | Reached skill level 10 in Necromancy
 10509 | D:8      | Noticed Joseph
 10509 | D:8      | Joseph changed into Joseph the spiny frog
 10517 | D:8      | Killed Joseph the spiny frog
 10721 | D:8      | Noticed Grum
 10725 | D:8      | Reached skill level 14 in Spellcasting
 10740 | D:8      | Killed Grum
 11238 | D:8      | Found Ofuo's Antique Weapon Shop.
 11310 | D:8      | Noticed a two-headed ogre
 11354 | D:8      | Reached XP level 10. HP: 43/50 MP: 30/30
 11637 | D:8      | Reached skill level 15 in Spellcasting
 11724 | D:9      | Noticed Harold
 12764 | D:9      | Reached *** piety under Kikubaaqudgha
 12764 | D:9      | Identified Kikubaaqudgha's Handbook of Black Rituals
                  | (Kikubaaqudgha gifted it to you on level 9 of the Dungeon)
 12764 | D:9      | Received a gift from Kikubaaqudgha
 12774 | D:9      | Slain by a troll

Levels and vault maps discovered:
D:1:      roderic_crossed_star, layout_basic, minmay_shallow_snake_nest
D:2:      layout_loops_ring, serial_co_window_serial, co_window_paths_b,
          co_window_paths_a, co_window_paths_a, co_window_paths_a,
          co_window_corner_a, co_window_corner_a, co_window_of_opportunity_a,
          co_window_broadway_b, co_window_2corner, co_window_broadway_a,
          co_window_corner_cb, co_window_broadway_a, glass_columns_a,
          glass_columns_a, uniq_natasha
D:3:      layout_rooms, first_ration, gammafunk_ghost_gnarly_gnolls,
          minmay_crystal_room, uniq_jessica
D:4:      layout_cave_pods, uniq_duvessa
D:5:      layout_rooms, temple_doors_e
D:6:      lemuel_slime, layout_loops_ring, vehumet_altar_wand_db,
          cheibriados_altar_1
D:7:      layout_cave_pools, glass_columns_c
D:8:      layout_loops_corners, serial_shops, kennysheep_little_box,
          uniq_joseph, uniq_grum
D:9:      layout_layer_cave, erik_lair_island, uniq_harold, uniq_pikel,
          uniq_erica
Temple:   kilobyte_greek_temple

Skill      XL: |  1  2  3  4  5  6  7  8  9 10 |
---------------+-------------------------------+-----
Necromancy     | 5 6 7 8 9 10 11 | 11.2
Spellcasting   | 4 5 6 7 8 10 12 14 15 | 15.2
Dodging        | |  2.4
Stealth        | |  2.4

Action                   |  1- 3 |  4- 6 |  7- 9 | 10-12 || total
-------------------------+-------+-------+-------+-------++-------
Melee: Dagger            |       |     5 |    94 |       ||    99
       Flail             |       |       |    63 |   129 ||   192
       Scimitar          |       |       |    24 |       ||    24
Throw: Dart              |       |     1 |       |    30 ||    31
 Cast: Pain              |    38 |   130 |   211 |    24 ||   403
       Animate Skeleton  |    12 |     8 |    13 |     3 ||    36
       Vampiric Draining |     2 |    13 |    66 |    24 ||   105
       Animate Dead      |       |    10 |    18 |     2 ||    30
       Agony             |       |       |     2 |       ||     2
Invok: Receive Corpses   |       |       |     3 |       ||     3
Evoke: Wand              |       |     1 |    27 |     3 ||    31
  Use: Scroll            |       |     7 |    15 |     1 ||    23
       Potion            |       |     1 |     3 |       ||     4
 Stab: Distracted        |       |       |     3 |       ||     3
       Sleeping          |       |       |     1 |       ||     1
  Eat: Chunk             |     2 |    11 |     9 |     2 ||    24
       Ration            |       |       |     4 |     1 ||     5
Armor: Robe              |       |     6 |     1 |       ||     7
       Ring mail         |       |       |   169 |   161 ||   330
       Skin              |       |       |     8 |       ||     8
Dodge: Dodged            |     2 |    38 |   162 |   132 ||   334
       Rpst.: Scimitar   |       |       |     3 |       ||     3

Table legend:
 A = Non-vault XP
 B = Vault XP
 C = Vault XP percentage of total XP
 D = Non-vault monster count
 E = Vault monster count
 F = Vault count percentage of total count
                 A         B        C        D         E       F
            +---------+---------+-------+---------+---------+-------
      Total |    4832 |    1814 |  27.3 |     211 |      33 |  13.5
            +---------+---------+-------+---------+---------+-------
        D:1 |      42 |       0 |   0.0 |      22 |       0 |   0.0
        D:2 |     126 |      36 |  22.2 |      25 |       1 |   3.8
        D:3 |      54 |      37 |  40.7 |      22 |       1 |   4.3
        D:4 |     407 |       0 |   0.0 |      20 |       0 |   0.0
        D:5 |     462 |       0 |   0.0 |      21 |       0 |   0.0
        D:6 |     935 |     572 |  38.0 |      27 |      22 |  44.9
        D:7 |     828 |       0 |   0.0 |      24 |       0 |   0.0
        D:8 |    1657 |     982 |  37.2 |      37 |       6 |  14.0
        D:9 |     321 |     187 |  36.8 |      13 |       3 |  18.8
            +---------+---------+-------+---------+---------+-------
